 Dungeon Crawl Stone Soup version 0.20.1-1-g8b1a95d (webtiles) character file.

86 Marthos the Magician (level 4, 0/30 HPs)
             Began as a Demonspawn Wizard on Dec 4, 2017.
             Slain by Grinder (3 damage)
             ... while paralysed by Grinder
             ... on level 3 of the Dungeon.
             The game lasted 00:05:40 (2822 turns).

Marthos the Magician (Demonspawn Wizard)            Turns: 2822, Time: 00:05:41

Health: 0/30       AC:  3    Str:  9    XL:     4   Next: 27%
Magic:  4/9        EV:  2    Int: 21    God:
Gold:   113        SH:  0    Dex: 13    Spells: 9/10 levels left

rFire    . . .     SeeInvis .   h - +0 short sword
rCold    + . .     Gourm    .   (no shield)
rNeg     . . .     Faith    .   a - +0 robe
rPois    .         Spirit   .   b - +0 hat
rElec    .         Reflect  .   (no cloak)
rCorr    .         Harm     .   q - +0 pair of gloves
MR       .....                  (no boots)
Stlth    +++.......             (no amulet)
Regen    0.1/turn               (no ring)
MPRegen  0.2/turn               (no ring)

@: paralysed
A: horns 2, agile 1, blink, cold resistance 1, nightstalker 1, strong 1
a: Blink


You were on level 3 of the Dungeon.
You were not hungry.

You visited 1 branch of the dungeon, and saw 3 of its levels.

You collected 113 gold pieces.

Inventory:

Hand Weapons
 h - a +0 short sword (weapon)
Armour
 a - a +0 robe (worn)
 b - a +0 hat (worn)
 q - a +0 pair of gloves (worn)
Jewellery
 r - an uncursed ring of protection from fire {unknown}
Scrolls
 e - 5 scrolls of identify {unknown}
 j - 2 scrolls of immolation {unknown}
 m - a scroll of fear {unknown}
 n - a scroll of fog {unknown}
 p - a scroll of teleportation {unknown}
Potions
 k - a potion of berserk rage {unknown}
 o - 2 potions of invisibility {unknown}
Books
 c - a book of Minor Magic

   Spells                             Type                      Level
   a - Magic Dart                     Conjuration                  1
   b - Blink                          Translocation                2
   c - Call Imp                       Summoning                    2
   d - Slow                           Hexes                        2
   e - Conjure Flame                  Conjuration/Fire             3
   f - Mephitic Cloud                 Conjuration/Poison/Air       3
Comestibles
 d - a bread ration
 f - 4 chunks of flesh
 g - 2 royal jellies
 i - 2 fruits
 l - 2 meat rations


   Skills:
 + Level 2.3 Dodging
 + Level 2.1 Stealth
 * Level 3.5 Spellcasting
 * Level 2.8 Conjurations
   Level 1.0 Summonings
   Level 0.8 Translocations


You had 9 spell levels left.
You knew the following spells:

 Your Spells              Type           Power        Failure   Level  Hunger
a - Magic Dart            Conj           ###.         3%          1    None


Dungeon Overview and Level Annotations

Branches:
Dungeon (3/15)

Altars:
Xom

Annotations:
D:3 Grinder


Innate Abilities, Weirdness & Mutations

You have a pair of horns on your head.
You are slightly more attuned to the shadows.
You are agile. (Dex +2)
You can translocate small distances at will.
Your flesh is cold resistant. (rC+)
Your muscles are strong. (Str +2)


Message History

Grinder is lightly wounded.
Grinder gestures at you. You resist with significant effort.
Casting: Magic Dart
Confirm with . or Enter, or press ? or * to list all spells.
Aiming: Magic Dart
Press: ? - help, Shift-Dir - straight line, f/p - Grinder
Aim: Grinder (lightly wounded)
The magic dart hits Grinder.
Grinder is lightly wounded.
Grinder gestures at you.
You suddenly lose the ability to move!
Grinder hits you. x2
You writhe in agony.
Grinder gestures at you. Pain shoots through your body! Grinder hits you!
* * * LOW HITPOINT WARNING * * *
You writhe in agony.
You die...

.# #.# #...........#
.###..###......##...#
.#.........'#####...#
.#.###.###..# #...#
#.# #..#########
#.###'###..........
#.###_'...############
#.###'###.......5.....
#. #.# #..##..@###
#.###.###..##...#
#..........##...#
###.############# #.#
###'### #.....#
#.....# #.....#


You could see Grinder.

Vanquished Creatures
  Jessica (D:2)
  A dart slug (D:2)
  3 worms
  A leopard gecko (D:1)
  4 giant cockroaches
  9 goblins
  2 hobgoblins
  2 jackals (D:3)
  4 kobolds
  9 bats
  5 frilled lizards
  11 rats
52 creatures vanquished.

Notes
Turn   | Place    | Note
-------+----------+-------------------------------------------
     0 | D:1      | Marthos the Demonspawn Wizard began the quest for the Orb.
     0 | D:1      | Reached XP level 1. HP: 13/13 MP: 4/4
   156 | D:1      | Gained mutation: You are slightly more attuned to the shadows. [demonic ancestry]
   156 | D:1      | Reached XP level 2. HP: 16/19 MP: 0/6
   917 | D:2      | Noticed Jessica
  1011 | D:2      | Gained mutation: You have a pair of small horns on your head. [demonic ancestry]
  1011 | D:2      | Reached XP level 3. HP: 24/24 MP: 1/7
  1406 | D:2      | Killed Jessica
  1459 | D:2      | Found a runed door.
  1767 | D:2      | Noticed Crazy Yiuf
  2003 | D:3      | Gained mutation: You have a pair of horns on your head. [demonic ancestry]
  2003 | D:3      | Reached XP level 4. HP: 30/30 MP: 6/9
  2260 | D:3      | Noticed Grinder
  2272 | D:3      | Gained mutation: You are agile. (Dex +2) [potion of mutation]
  2272 | D:3      | Gained mutation: Your flesh is cold resistant. (rC+) [potion of mutation]
  2272 | D:3      | Gained mutation: You can translocate small distances at will. [potion of mutation]
  2272 | D:3      | Gained mutation: Your muscles are strong. (Str +2) [potion of mutation]
  2409 | D:3      | Paralysed by Grinder for 2 turns
  2785 | D:3      | Found a shimmering altar of Xom.
  2818 | D:3      | Paralysed by Grinder for 5 turns
  2822 | D:3      | Slain by Grinder

Skill      XL: |  1  2  3 |
---------------+----------+-----
Dodging        | 2 |  2.3
Conjurations   | 2 |  2.8
Stealth        | 2 |  2.1
Spellcasting   | |  3.5
Summonings     | |  1.0
Translocations | |  0.8

Action                   |  1- 3 |  4- 6 || total
-------------------------+-------+-------++-------
Melee: Unarmed           |     9 |       ||     9
       Short sword       |    29 |    11 ||    40
 Cast: Magic Dart        |    76 |    51 ||   127
  Use: Potion            |       |     3 ||     3
  Eat: Chunk             |     3 |     3 ||     6
Armor: Robe              |     5 |     6 ||    11
Dodge: Dodged            |    28 |    11 ||    39
